 Dungeon Crawl Stone Soup version 0.23-a0-358-g98c7a59 (console) character file.

58 nht the Ogre Mage (level 4, -7/39 HPs)
             Began as an Ogre Earth Elementalist on Oct 22, 2018.
             Was an Initiate of Ru.
             Mangled by an orc
             ... wielding a +1 trident of piercing
              (10 damage)
             ... on level 3 of the Dungeon.
             The game lasted 00:02:56 (1797 turns).

nht the Ogre Mage (Ogre Earth Elementalist)         Turns: 1797, Time: 00:02:56

Health: -7/39      AC:  3    Str: 12    XL:     4   Next: 2%
Magic:  9/9        EV: 10    Int: 17    God:    Ru [......]
Gold:   249        SH:  0    Dex: 13    Spells: 8/9 levels left

rFire    . . .     SeeInvis .   f - +0 spear
rCold    . . .     Gourm    .   (no shield)
rNeg     . . .     Faith    .   c - +0 robe
rPois    .         Spirit   .   (helmet restricted)
rElec    .         Reflect  .   (no cloak)
rCorr    .         Harm     .   (gloves unavailable)
MR       .....                  (boots unavailable)
Stlth    ++........             (no amulet)
HPRegen  0.13/turn              s - +4 ring of dexterity
MPRegen  0.11/turn              (no ring)

@: no status effects
A: large, unfitting armour, tough skin 1
a: Renounce Religion


You were on level 3 of the Dungeon.
You worshipped Ru.
Ru was noncommittal.
You were not hungry.

You visited 1 branch of the dungeon, and saw 3 of its levels.

You collected 249 gold pieces.

Inventory:

Hand Weapons
 e - a +0 mace
 f - a +0 spear (weapon)
Armour
 c - a +0 robe (worn)
 h - a +0 shield
Jewellery
 s - a +4 ring of dexterity (left hand)
Wands
 r - a wand of enslavement (6)
Scrolls
 a - a scroll of remove curse {unknown}
 g - a scroll of enchant weapon {unknown}
 i - a scroll of enchant armour {unknown}
 k - a scroll of immolation
 l - a scroll of teleportation {unknown}
 m - a scroll of fear {unknown}
 o - a scroll of identify
Potions
 j - a potion of curing {unknown}
 p - a potion of heal wounds {unknown}
 q - 2 potions of lignification {unknown}
Comestibles
 d - 9 rations


   Skills:
 - Level 1.7 Dodging
 - Level 1.4 Stealth
 + Level 1.2 Shields
 + Level 3.4 Spellcasting
   Level 0.8 Transmutations
 + Level 3.4 Earth Magic


You had 8 spell levels left.
You knew the following spells:

 Your Spells              Type           Power        Failure   Level  Hunger
a - Sandblast             Erth           ##....       4%          1    None

Your spell library contained the following spells:

 Spells                   Type           Power        Failure   Level  Hunger
 Passwall                 Tmut/Erth      ##......     11%         2    ##.....
 Stone Arrow              Conj/Erth      #.....       26%         3    ###....
 Petrify                  Tmut/Erth      ##......     56%         4    ####...
 Lee's Rapid Deconstruct  Erth           ##........   75%         5    ######.


Dungeon Overview and Level Annotations

Branches:
Dungeon (3/15)

Altars:
Cheibriados
Hepliaklqana
Kikubaaqudgha
Okawaru
Ru
Trog
Uskayaw


Innate Abilities, Weirdness & Mutations

You are too large for most types of armour.
You have tough skin. (AC +1)


Message History

You hit the orc.
The orc is severely wounded.
The orc hits you from afar with a +1 trident of piercing!
The orc closely misses you.
You hit the orc.
You kill the orc!
You have reached level 4!
The orc hits you from afar with a +1 trident of piercing!
* * * LOW HITPOINT WARNING * * *
x2 Evoke which item? (* to show all) (? for menu, Esc to quit)
Okay, then.
Evoke which item? (* to show all) (? for menu, Esc to quit)
Aiming: Enslavement
Press: ? - help, Shift-Dir - straight line, f - orc
Aim: an orc, wielding a +1 trident of piercing, wearing a +0 ring mail and The orc resists with significant effort.
The orc wizard casts a spell.
The orc wizard seems to speed up.
The orc hits you from afar with a +1 trident of piercing!
You die...

.█..█ .█... ....
█..█ █..█
█..███████ .
█..█..)..█
.██o.@.....█
█..(..█o█.██..█
█.........██..███
███%█.█.████..%.█
█ █.█.......█.█
█.███████.█.█
█.<.......█.█
█.███████.█.███
█o█.... █.█.█≈█


You could see an orc wizard and an orc.

Vanquished Creatures
  3 worms (D:2)
  A dart slug (D:2)
  3 leopard geckos
  3 orcs
  6 bats
  2 giant cockroaches (D:1)
  3 goblins
  3 hobgoblins
  2 quokkas
  A ball python (D:1)
  3 frilled lizards
  7 kobolds
  5 rats
42 creatures vanquished.

Notes
Turn   | Place    | Note
-------+----------+-------------------------------------------
     0 | D:1      | nht the Ogre Earth Elementalist began the quest for the
                  | Orb.
     0 | D:1      | Reached XP level 1. HP: 16/16 MP: 3/3
   136 | D:1      | Reached XP level 2. HP: 24/24 MP: 0/5
   869 | D:2      | Reached XP level 3. HP: 24/31 MP: 5/7
   932 | D:2      | Found a snail-covered altar of Cheibriados.
  1226 | D:2      | Noticed a moth of wrath
  1229 | D:2      | Found a bloodstained altar of Trog.
  1262 | D:2      | Reached skill level 1 in Shields
  1274 | D:2      | Found a sacrificial altar of Ru.
  1276 | D:2      | Found an iron altar of Okawaru.
  1276 | D:2      | Found a hazy altar of Hepliaklqana.
  1297 | D:2      | Became a worshipper of Ru the Awakened
  1316 | D:2      | Found an ancient bone altar of Kikubaaqudgha.
  1641 | D:3      | Found a hide-covered altar of Uskayaw.
  1795 | D:3      | Reached XP level 4. HP: 19/39 MP: 9/9
  1797 | D:3      | Mangled by an orc

Vault maps used:
D:1:      tarquinn_simple_flora_water_e
D:2:      kennysheep_slug_shrine, nicolae_overflow_crystal_walls, tgw_trog,
          chequers_temple_overflow_statue_of_worship
D:3:      nicolae_overflow_hidden_temple, lemuel_crystal_altar, first_ration,
          ebering_ghost_sewer_d, chequers_serial_rivers_small_b

Skill      XL: |  1  2  3 |
---------------+----------+-----
Earth Magic    | 3 |  3.4
Spellcasting   | 3 |  3.4
Shields        | 1 |  1.2
Dodging        | |  1.7
Stealth        | |  1.4
Transmutations | |  0.8

Action                   |  1- 3 |  4- 6 || total
-------------------------+-------+-------++-------
Melee: Spear             |    70 |       ||    70
 Cast: Sandblast         |    44 |       ||    44
Evoke: Wand              |       |     1 ||     1
  Use: Scroll            |     3 |       ||     3
 Stab: Sleeping          |     3 |       ||     3
  Eat: Chunk             |     3 |       ||     3
Armor: Robe              |    12 |       ||    12
Dodge: Dodged            |    38 |       ||    38
Block: Shield            |     4 |       ||     4

Table legend:
 A = Non-vault XP
 B = Vault XP
 C = Vault XP percentage of total XP
 D = Non-vault monster count
 E = Vault monster count
 F = Vault count percentage of total count
                 A         B        C        D         E       F
            +---------+---------+-------+---------+---------+-------
      Total |      63 |      21 |  25.0 |      36 |       6 |  14.3
            +---------+---------+-------+---------+---------+-------
        D:1 |      27 |       0 |   0.0 |      16 |       0 |   0.0
        D:2 |      25 |      21 |  45.7 |      14 |       6 |  30.0
        D:3 |      11 |       0 |   0.0 |       6 |       0 |   0.0
            +---------+---------+-------+---------+---------+-------
